AoeStats
← 帝国的铁汉

Arabia

507317269Analyzed
3v3 RM · 15d ago on Sep 17, 2026· 28m 34s· 6 players
Game mode
Random Map
Map size
Normal (6 player)
Population
200
Speed
Normal
Resources
Standard
Victory
Conquest
Starting age
Dark Age
Ending age
Imperial Age
RankedLock teamsTeams togetherTeam positionsShared explorationLock speedFull tech treeHidden civsTurbo modeCheats
Victory
Defeat
🇨🇳 Ethiopians · China
1387
+6
🇨🇳 Vietnamese · China
1341
+8
🇨🇳 Franks · China
1157
+14
🇰🇿 Ethiopians · Kazakhstan
1177
-11
🇨🇳 Berbers · China
1167
-10
🇬🇧 Khmer · United Kingdom
1066
-7
228811348
10:30 Feudal Age
10:38 Loom
11:04 Double-Bit Axe
13:21 Horse Collar
15:19 Gold Mining
16:51 Gold Mining
17:14 Bloodlines
17:18 Forging
19:24 Scale Barding Armor
22:37 Castle Age
22:34 Wheelbarrow
22:07 Fletching
23:42 Chain Barding Armor
23:37 Bow Saw
23:28 Heavy Plow
23:00 Light Cavalry
23:31 Light Cavalry
25:53 Iron Casting
26:42 Gold Shaft Mining
25:47 Light Cavalry
27:20 Husbandry
28:31 Hand Cart
Gamer_90_
4:11 Loom
11:02 Feudal Age
12:21 Wheelbarrow
15:51 Double-Bit Axe
20:54 Castle Age
21:33 Padded Archer Armor
22:09 Fletching
yopponti
2:15 Loom
10:16 Feudal Age
17:28 Fletching
17:38 Padded Archer Armor
27:50 Castle Age
青春如此多娇
10:28 Feudal Age
15:34 Castle Age
13:57 Double-Bit Axe
16:42 Loom
27:22 Scale Barding Armor
28:20 Forging
帝国的铁汉
7:44 Loom
10:21 Feudal Age
12:08 Fletching
12:11 Double-Bit Axe
12:53 Padded Archer Armor
22:22 Castle Age
21:28 Scale Barding Armor
22:34 Bloodlines
23:47 Chain Barding Armor
28:45 Forging
欧阳没有偏旁
6:37 Loom
9:14 Feudal Age
9:53 Double-Bit Axe
15:46 Wheelbarrow
16:28 Horse Collar
22:40 Castle Age
21:11 Fletching
21:23 Padded Archer Armor
22:46 Crossbowman
23:32 Thumb Ring
24:12 Gold Mining
25:42 Bodkin Arrow
Connection lost

Rejoining the realm…

Still unreachable

The connection could not be restored.

Session expired

The server has moved on; the page needs a fresh start.